Map: [ESL] Waterfall

Players

Dark - Winner!

  • Race: Zerg Zerg
  • Spawn Location: 7:00

LiquidClem (Clem)

  • Race: Terran Terran
  • League: Master
  • Spawn Location: 1:00

VOD

Have the link to the VOD?

Description

Time

  • Played on: Nov. 6, 2022, 7:20 a.m.
  • Length: 7:09
Show
View Real Time Build Order
Export as new Build Order

Dark Zerg - Winner!

Build Orders: Hatch First 

Get SALT Encoding   

  12  0:00  Drone  
  13  0:12  Overlord  
  13  0:17  Drone  
  14  0:31  Drone x2  
  16  0:49  Hatchery  
  15  0:52  Drone  
  15  0:55  Drone  
  17  0:59  Drone  
  18  1:09  Extractor  
  17  1:14  Spawning Pool  
  17  1:17  Drone  
  17  1:20  Drone  
  18  1:29  Drone  
  19  1:39  Drone  
  20  1:49  Drone  
  21  2:01  Queen x2  
  21  2:02  Zergling x4  
  27  2:12  Zergling x2, Overlord  
  28  2:24  Hatchery  
  28  2:25  Drone  
  28  2:32  Drone x2  
  30  2:44  Queen  
  30  2:46  Drone  
  30  2:47  Metabolic Boost  
  33  2:53  Overlord  
  33  2:55  Drone  
  33  2:57  Drone  
  35  3:02  Drone  
  36  3:11  Drone x3  
  36  3:12  Drone x2  
  41  3:20  Queen  
  41  3:26  Lair  
  43  3:32  Overlord  
  43  3:33  Drone  
  44  3:37  Queen  
  46  3:41  Overlord  
  46  3:45  Drone x2  
  48  3:50  Drone x3  
  51  3:56  Queen  
  51  4:01  Drone  
  51  4:02  Drone x2  
  56  4:03  Extractor  
  56  4:06  Zergling x2  
  56  4:07  Zergling x4  
  56  4:09  Drone x2  
  60  4:16  Queen  
  62  4:18  Drone  
  62  4:19  Drone  
  64  4:25  Nydus Network  
  64  4:27  Queen  
  64  4:30  Overlord  
  65  4:33  Overlord  
  65  4:40  Zergling x2  
  65  4:49  Zergling x16  
  65  4:52  Zergling x8  
  77  4:56  Spore Crawler  
  75  5:01  Zergling x6  
  78  5:08  Overseer, Nydus Canal  
  78  5:10  Zergling x8  
  81  5:17  Overlord  
  81  5:23  Nydus Canal  
  81  5:26  Zergling x4  
  80  5:29  Baneling Nest, Queen  
  80  5:30  Queen  
  80  5:32  Zergling x6  
  73  5:45  Nydus Canal  
  73  5:46  Zergling x8  
  76  5:51  Zergling x6  
  76  5:54  Zergling x2  
  76  5:59  Zergling x6  
  76  6:00  Zergling x2  
  80  6:07  Nydus Canal  
  80  6:09  Zergling x2, Queen  
  80  6:10  Queen  
  85  6:17  Zergling x2  
  85  6:18  Baneling x8  
  86  6:20  Zergling x2  
  86  6:21  Zergling x4  
  86  6:24  Zergling x2  
  90  6:27  Baneling  
  90  6:28  Baneling  
  90  6:30  Overlord  
  90  6:40  Nydus Canal  
Show
View Real Time Build Order
Export as new Build Order

LiquidClem Terran 

Build Orders: Reaper Expand, Hellion Banshee 

Get SALT Encoding   

  12  0:00  SCV  
  13  0:12  SCV  
  14  0:17  Supply Depot  
  14  0:24  SCV  
  15  0:39  SCV  
  15  0:40  Barracks  
  16  0:46  Refinery  
  16  0:51  SCV  
  17  1:03  SCV  
  18  1:15  SCV  
  19  1:28  Reaper, Orbital Command  
  20  1:40  Command Center  
  20  1:48  Supply Depot  
  20  1:55  SCV  
  20  2:00  Marine  
  22  2:07  SCV  
  23  2:11  Factory  
  23  2:19  SCV  
  24  2:22  Barracks Reactor  
  24  2:32  SCV  
  25  2:42  Command Center  
  25  2:44  SCV  
  26  2:52  Orbital Command  
  26  2:56  SCV  
  27  3:00  Starport  
  27  3:04  Refinery  
  27  3:08  SCV  
  27  3:12  Hellion  
  30  3:16  Hellion  
  30  3:18  SCV  
  33  3:21  SCV  
  33  3:23  Barracks Tech Lab  
  34  3:30  SCV  
  34  3:33  SCV  
  36  3:36  Hellion  
  36  3:37  Hellion  
  40  3:43  SCV  
  40  3:45  Banshee  
  40  3:46  SCV  
  45  3:54  Orbital Command  
  45  3:56  SCV  
  45  3:57  Cloaking Field  
  45  3:58  SCV  
  45  4:01  Hellion  
  49  4:04  Hellion  
  49  4:08  Supply Depot  
  51  4:11  SCV x2  
  51  4:12  Barracks Tech Lab  
  53  4:19  SCV  
  53  4:23  SCV x2  
  58  4:24  Hellion  
  58  4:25  Hellion  
  58  4:29  Banshee  
  63  4:31  SCV  
  63  4:35  SCV x2  
  63  4:37  Supply Depot  
  66  4:40  Barracks  
  66  4:42  Barracks  
  66  4:45  Orbital Command  
  66  4:47  Refinery, Marine, SCV x2  
  66  4:51  Stimpack  
  69  4:56  Factory Reactor  
  69  4:59  SCV  
  70  5:02  SCV  
  70  5:03  Engineering Bay x2  
  70  5:04  Marine  
  72  5:11  SCV  
  72  5:13  Banshee  
  76  5:18  SCV  
  76  5:19  SCV  
  76  5:20  Supply Depot  
  77  5:22  Marine  
  75  5:30  Bunker  
  75  5:33  Marine  
  75  5:34  Marine  
  72  5:38  Hellion x2  
  72  5:40  Marine  
  68  5:51  Marine  
  68  5:52  Orbital Command  
  70  5:58  Marine  
  70  6:02  SCV x2  
  72  6:09  Siege Tank  
  72  6:10  Marine x3  
  73  6:14  Supply Depot, SCV  
  73  6:16  Marine  
  72  6:19  Orbital Command  
  72  6:21  SCV  
  72  6:33  Supply Depot  
  72  6:36  SCV, Marine x4  
  77  6:45  SCV  
Tags
 
Add a new tag
Caveats
  • Supply blocks, unpowered buildings, or Contaminate may cause inaccurate times.
  • Supply counts are checked every 10 seconds.